 Dungeon Crawl Stone Soup version 0.14-a0-2061-g6c6fb9c (webtiles) character file.

738 Egon the Skirmisher (level 7, 61/61 HPs)
             Began as a Grey Draconian Berserker on Jan 22, 2014.
             Was a High Priest of Trog.
             Quit the game on Level 5 of the Dungeon.
             The game lasted 00:12:27 (4396 turns).

Egon the Skirmisher (Grey Draconian Berserker)      Turns: 4396, Time: 00:12:27

HP  61/61        AC 12     Str 19      XL: 7   Next:  2%
MP  10/10        EV 13     Int  8      God: Trog [*****.]
Gold 213         SH  0     Dex 12      Spells:  0 memorised,  6 levels left

rFire  + . .     SeeInvis .     a - +0 hand axe
rCold  . . .     Clarity  .     (armour unavailable)
rNeg   . . .     Conserve .     (no shield)
rPois  .         rCorr    .     (helmet restricted)
rElec  .         rRot     .     (no cloak)
SustAb . .       Spirit   .     x - +0 pair of gloves
rMut   .         Warding  .     (no boots)
Saprov . . .     Stasis   .     g - amulet of faith
MR     .....                    (no ring)
                                j - ring of protection from fire {unknown}

@: not resistant to hostile enchantments, unstealthy
A: walk through water, unfitting armour, unbreathing, AC +11
a: Burn Spellbooks, Berserk, Trog's Hand, Brothers in Arms, Renounce Religion


You were on level 5 of the Dungeon.
You worshipped Trog.
Trog was extremely pleased with you.
You were not hungry.

You visited 1 branch of the dungeon, and saw 5 of its levels.

You collected 213 gold pieces.

Inventory:

Hand weapons
 a - a +0,+0 hand axe (weapon)
Armour
 x - a +0 pair of gloves (worn)
Magical devices
 w - a wand of disintegration (14)
 z - a wand of cold (4) {unknown}
Comestibles
 l - 2 meat rations
 s - a bread ration
Scrolls
 b - a scroll of amnesia {unknown}
 c - a scroll of immolation {unknown}
 f - 3 scrolls of magic mapping {unknown}
 h - 5 scrolls of remove curse {unknown}
 i - 3 scrolls of recharging {unknown}
 k - 4 scrolls of identify {unknown}
 o - 3 scrolls of fog {unknown}
 q - a scroll of curse jewellery {unknown}
 u - 2 scrolls of teleportation {unknown}
 y - a scroll of enchant weapon I {unknown}
 B - a scroll of blinking {unknown}
Jewellery
 g - an amulet of faith (around neck)
 j - a ring of protection from fire (left hand) {unknown}
 A - an uncursed amulet of resist corrosion {unknown}
Potions
 d - a potion of flight {unknown}
 e - 3 potions of curing {unknown}
 m - a potion of cure mutation {unknown}
 n - 2 potions of heal wounds {unknown}
 p - a potion of confusion {unknown}
 r - a potion of invisibility {unknown}
 t - a potion of agility {unknown}
 v - 2 potions of degeneration {unknown}


   Skills:
 + Level 5.5 Fighting
 + Level 4.5 Axes
 + Level 4.4 Dodging
 + Level 3.4 Evocations


You had 6 spell levels left.
You didn't know any spells.

Dungeon Overview and Level Annotations

Branches:
Dungeon (5/16)
 Temple: D:4-7

Altars:
Ashenzari
Elyvilon


Innate Abilities, Weirdness & Mutations

You can walk through water.
Your dull iron-grey scales are very hard (AC +11).
Your body does not fit into most forms of armour.
Your cold-blooded metabolism reacts poorly to cold.
You can survive without breathing.


Message History

The ogre skeleton hits you but does no damage.
You hit the ogre skeleton.
You destroy the ogre skeleton!
You have reached level 7!
Your scales start taking on a dull iron-grey colour.
You feel breathless.
C - a glass ring Put on which piece of jewellery? (? for menu, Esc to quit)
C - a ring of wizardry (right hand) Drop what? (_ for help) (? for menu, Esc to quit)
You remove your ring of wizardry.
You drop an uncursed ring of wizardry.
You now have 213 gold pieces (gained 13).
You see here 11 poisoned needles.
You see here an uncursed ring of wizardry.
HP restored.
A crimson imp comes into view.
The crimson imp shouts!
The crimson imp blinks!
Are you sure you want to abandon this character and quit the game? (Confirm with "yes".)

##.##
##.##..###.........######..
##..###.....##
#.(.##.#.........#
#.#...##.######...##.##.######.#
#.##.###......#...##.##.#
#.##.....(=..........##.#
#.###########.#..######.# ##.#
#.#..######.#
...###########.#.........#
####....<......#@#########
.................#
##.#...#######...# ...#####
#...# #### ......# .#...#.##
#.#...... #...... # #....


There were no monsters in sight!

Vanquished Creatures
  2 ogres (D:4)
  A hound (D:4)
  5 worker ants
  An orc wizard (D:4)
  An ogre skeleton (D:5)
  6 adders
  An inept feature mimic (D:4)
  2 giant mites
  2 worms
  4 orcs
  7 bats
  7 goblins
  9 hobgoblins
  10 jackals
  6 giant cockroaches
  6 giant geckos
  A giant newt (D:1)
  5 kobolds
  10 rats
86 creatures vanquished.

Notes
Turn   | Place    | Note
--------------------------------------------------------------
     0 | D:1      | Egon, the Draconian Berserker, began the quest for the Orb.
     0 | D:1      | Reached XP level 1. HP: 19/19 MP: 1/1
   869 | D:1      | Reached XP level 2. HP: 21/26 MP: 2/2
   896 | D:1      | Acquired Trog's second power
  1473 | D:2      | Reached skill level 4 in Fighting
  1473 | D:2      | Reached XP level 3. HP: 33/33 MP: 3/3
  1987 | D:2      | Found a shattered altar of Ashenzari.
  2127 | D:3      | Reached XP level 4. HP: 39/41 MP: 4/4
  2320 | D:3      | Reached skill level 1 in Evocations
  2879 | D:4      | Noticed an ogre
  2884 | D:4      | Killed an ogre
  2884 | D:4      | Reached XP level 5. HP: 47/47 MP: 6/6
  2918 | D:4      | Found a white marble altar of Elyvilon.
  2933 | D:4      | Noticed an ogre
  2944 | D:4      | Killed an ogre
  2944 | D:4      | Acquired Trog's third power
  2944 | D:4      | Reached skill level 5 in Fighting
  2944 | D:4      | Reached XP level 6. HP: 40/56 MP: 6/8
  4147 | D:5      | Entered Level 5 of the Dungeon
  4350 | D:5      | Your scales start taking on a dull iron-grey colour.
  4350 | D:5      | Gained mutation: You can survive without breathing. [draconian maturity]
  4350 | D:5      | Reached XP level 7. HP: 52/61 MP: 10/10
  4396 | D:5      | Quit the game

Action                   |  1- 3 |  4- 6 |  7- 9 || total
-------------------------+-------+-------+-------++-------
Melee: Hand axe          |   117 |   185 |       ||   302
Invok: Berserk           |     2 |     5 |       ||     7
       Burn Spellbooks   |       |     1 |       ||     1
Evoke: Wand              |     1 |       |       ||     1
